 Dungeon Crawl Stone Soup version 0.21.1-68-g103a7af (webtiles) character file.

485 MrElk the Skirmisher (level 6, -1/48 HPs)
             Began as a Demonspawn Monk on Aug 1, 2018.
             Was a Believer of Trog.
             Slain by Pikel
             ... wielding a +1 whip of electrocution
              (12 damage)
             ... on level 4 of the Dungeon.
             The game lasted 00:16:36 (4069 turns).

MrElk the Skirmisher (Demonspawn Monk)              Turns: 4069, Time: 00:16:37

Health: -1/48      AC: 14    Str: 14    XL:     6   Next: 88%
Magic:  6/6        EV: 12    Int: 11    God:    Trog [**....]
Gold:   263        SH:  0    Dex: 15    Spells: 5/5 levels left

rFire    . . .     SeeInvis .   b - +0 hand axe
rCold    . . .     Gourm    .   (no shield)
rNeg     . . .     Faith    .   f - +0 ring mail (curse)
rPois    .         Spirit   .   s - +2 helmet
rElec    .         Reflect  .   (no cloak)
rCorr    .         Harm     .   (no gloves)
MR       .....                  (no boots)
Stlth    ++........             (no amulet)
HPRegen  0.16/turn              (no ring)
MPRegen  0.10/turn              (no ring)

@: sanguine armour
A: hooves 1, nightstalker 1, sanguine armour 1
a: Berserk, Trog's Hand, Burn Spellbooks, Renounce Religion


You were on level 4 of the Dungeon.
You worshipped Trog.
Trog was pleased with you.
You were not hungry.

You visited 1 branch of the dungeon, and saw 4 of its levels.

You collected 263 gold pieces.

Inventory:

Hand Weapons
 a - a +0 arbalest
 b - a +0 hand axe (weapon)
Missiles
 i - a sling bullet
 r - 64 bolts
Armour
 f - a cursed +0 ring mail (worn)
 h - a cursed +0 chain mail
 s - a +2 helmet (worn)
Jewellery
 o - an uncursed amulet of magic regeneration {unknown}
 t - an uncursed amulet of faith {unknown}
Scrolls
 d - 2 scrolls of fog {unknown}
 e - a scroll of noise {unknown}
 j - 2 scrolls of teleportation {unknown}
 m - 3 scrolls of remove curse {unknown}
 n - 3 scrolls of identify {unknown}
Potions
 g - a potion of flight {unknown}
 k - 2 potions of agility {unknown}
 l - a potion of ambrosia {unknown}
 p - a potion of curing {unknown}
 q - a potion of mutation {unknown}
Comestibles
 c - 6 rations
 u - a chunk of flesh


   Skills:
 + Level 4.2 Fighting
 + Level 1.7(3.2) Axes
   Level 4.1(4.3) Polearms
   Level 2.9 Slings
 + Level 2.3 Armour
 - Level 3.0 Dodging
 - Level 2.2 Stealth
   Level 0.5 Shields


You had 5 spell levels left.
You didn't know any spells.

Dungeon Overview and Level Annotations

Branches:
Dungeon (4/15)
 Temple: D:4-7

Altars:
Dithmenos
Trog

Annotations:
D:4 Pikel


Innate Abilities, Weirdness & Mutations

You have large cloven feet.
You are slightly more attuned to the shadows.
When seriously injured, your bleeding wounds create armour. (AC +6)


Message History

You hit Pikel.
Pikel is lightly wounded.
Pikel completely misses you.
You hit Pikel.
Pikel is moderately wounded.
Pikel hits you with a whip of electrocution.
You are electrocuted!
Your blood congeals into armour.
You hit Pikel but do no damage.
Pikel is moderately wounded.
Pikel zaps a wand.
The bolt of acid misses you.
It is a wand of acid (12).
You miss Pikel. You kick Pikel, but do no damage.
Pikel is moderately wounded.
Pikel hits you with a whip of electrocution.
* * * LOW HITPOINT WARNING * * *
You hit Pikel but do no damage.
Pikel is moderately wounded.
Pikel hits you with a whip of electrocution.
* * * LOW HITPOINT WARNING * * *
You are electrocuted!
You die...

#............###.(.......[.
#..........#...............
#..........................
#.........##.....#.........
######..####..........>....
#.#####....#..........
###)....................
#...........##..........
##...##@...... ........
#....##K#####. ......#
#....###p# ..... ####.# #p#
# #.# #p# . #.. .p# ....##
(.. ....


You could see Pikel and 4 slaves.

Vanquished Creatures
  The ghost of zapotec the Skirmisher, an amateur NaFi (D:3)
  A howler monkey (D:2)
  A hound (D:4)
  An orc wizard (D:4)
  An orc priest (D:4)
  Natasha (thrice) (D:3)
  4 gnolls (D:3)
  7 adders
  2 oozes
  An adder skeleton (D:4)
  2 worms (D:2)
  A dart slug (D:1)
  A leopard gecko (D:1)
  3 orcs (D:4)
  9 bats
  4 giant cockroaches
  8 hobgoblins
  2 jackals (D:1)
  6 kobolds
  2 quokkas
  A ball python (D:2)
  5 frilled lizards
  2 goblins
  A quokka skeleton (D:4)
  11 rats
80 creatures vanquished.

Notes
Turn   | Place    | Note
-------+----------+-------------------------------------------
     0 | D:1      | MrElk the Demonspawn Monk began the quest for the Orb.
     0 | D:1      | Reached XP level 1. HP: 18/18 MP: 1/1
   168 | D:1      | Gained mutation: You are slightly more attuned to the shadows. [demonic ancestry]
   168 | D:1      | Reached XP level 2. HP: 21/24 MP: 2/2
  1066 | D:1      | Reached XP level 3. HP: 29/29 MP: 3/3
  1227 | D:2      | Found a faded altar of an unknown god.
  1271 | D:2      | Reached XP level 4. HP: 16/35 MP: 4/4
  1648 | D:2      | Reached skill level 1 in Armour
  1731 | D:2      | Found a bloodstained altar of Trog.
  1738 | D:2      | Became a worshipper of Trog the Wrathful
  1738 | D:2      | Reached * piety under Trog
  1738 | D:2      | Reached ** piety under Trog
  2137 | D:3      | Reached skill level 1 in Slings
  2176 | D:3      | Gained mutation: You have large cloven feet. [demonic ancestry]
  2176 | D:3      | Reached XP level 5. HP: 36/42 MP: 5/5
  2382 | D:3      | Noticed zapotec's ghost (amateur NaFi)
  2400 | D:3      | Killed zapotec's ghost
  3176 | D:3      | Noticed Natasha
  3190 | D:3      | Killed Natasha
  3190 | D:3      | Gained mutation: When seriously injured, your bleeding wounds create armour. (AC +6) [demonic ancestry]
  3190 | D:3      | Reached XP level 6. HP: 33/48 MP: 6/6
  3336 | D:3      | Noticed Natasha
  3343 | D:3      | Killed Natasha
  3457 | D:3      | Found a shadowy altar of Dithmenos.
  3594 | D:3      | Noticed Natasha
  3600 | D:3      | Killed Natasha
  3642 | D:4      | Reached skill level 1 in Axes
  4035 | D:4      | Noticed a slave
  4043 | D:4      | Noticed a slave
  4048 | D:4      | Noticed a slave
  4048 | D:4      | Noticed a slave
  4052 | D:4      | Noticed Pikel
  4069 | D:4      | Slain by Pikel

Skill      XL: |  1  2  3  4  5  6 |
---------------+-------------------+-----
Polearms       | 3 4 |  4.1
Stealth        | 2 |  2.2
Dodging        | 3 |  3.0
Armour         | 1 2 |  2.3
Slings         | 1 2 |  2.9
Fighting       | 4 |  4.2
Axes           | 1 |  1.7
Shields        | |  0.5

Action                   |  1- 3 |  4- 6 || total
-------------------------+-------+-------++-------
Melee: Spear             |   101 |   108 ||   209
       Hand axe          |       |    91 ||    91
       Kick              |       |    31 ||    31
 Fire: Hunting sling     |     7 |    51 ||    58
       Arbalest          |       |     7 ||     7
 Stab: Sleeping          |     6 |     2 ||     8
  Eat: Chunk             |     1 |     9 ||    10
Armor: Robe              |     4 |       ||     4
       Ring mail         |     8 |    62 ||    70
Dodge: Dodged            |    47 |    92 ||   139
Block: Buckler           |       |    15 ||    15
